AoeStats
← lumos

Lombardia

508213800Analyzed
4v4 RM · 11d ago on Sep 21, 2026· 42m 39s· 8 players
Game mode
Random Map
Map size
Large (8 player)
Population
200
Speed
Normal
Resources
Standard
Victory
Conquest
Starting age
Dark Age
Ending age
Imperial Age
RankedLock teamsTeams togetherTeam positionsShared explorationLock speedFull tech treeHidden civsTurbo modeCheats
Victory
Defeat
🇨🇳 Huns · China
1306
+13
🇨🇳 Burgundians · China
1270
+14
🇯🇵 Turks · Japan
1261
+15
🇨🇳 Georgians · China
1254
+15
🇵🇹 Armenians · Portugal
1312
-18
🇻🇪 Chinese · Venezuela
1210
-13
🇳🇴 Romans · Norway
1209
-13
🇩🇪 Italians · Germany
1191
-13
RomaSaga
5:22 Loom
13:14 Feudal Age
17:40 Castle Age
16:16 Double-Bit Axe
16:22 Horse Collar
23:22 Town Watch
25:30 Bow Saw
25:24 Heavy Plow
25:18 Gold Mining
27:18 Stone Mining
32:32 Imperial Age
30:27 Scale Barding Armor
30:32 Forging
31:31 Wheelbarrow
32:34 Chain Barding Armor
32:49 Iron Casting
32:32 Hand Cart
32:30 Fletching
33:18 Fortified Wall
32:49 Treadmill Crane
33:17 Town Patrol
33:01 Heavy Camel Rider
34:01 Husbandry
34:11 Bloodlines
35:20 Plate Barding Armor
36:11 Blast Furnace
36:02 Gold Shaft Mining
36:42 Padded Archer Armor
36:38 Bodkin Arrow
37:05 Artillery
37:26 Conscription
38:09 Leather Archer Armor
37:54 Bracer
40:08 Ring Archer Armor
T - T
10:38 Feudal Age
11:11 Loom
16:33 Castle Age
15:50 Bloodlines
16:39 Double-Bit Axe
20:07 Fletching
23:49 Bodkin Arrow
25:08 Horse Collar
31:01 Thumb Ring
35:03 Imperial Age
34:03 Wheelbarrow
33:16 Town Watch
33:26 Gold Mining
34:37 Ballistics
34:42 Padded Archer Armor
35:09 Husbandry
36:48 Chemistry
35:49 Bracer
36:05 Leather Archer Armor
37:32 Parthian Tactics
37:47 Heavy Cavalry Archer
40:47 Conscription
41:01 Masonry
。。。。
3:23 Double-Bit Axe
5:32 Loom
10:01 Feudal Age
10:54 Bow Saw
12:33 Town Watch
13:50 Horse Collar
20:00 Castle Age
18:08 Heavy Plow
18:02 Gold Mining
19:04 Forging
20:52 Husbandry
22:05 Iron Casting
22:32 Two-Man Saw
21:37 Cavalier
22:56 Gold Shaft Mining
24:47 Wheelbarrow
24:22 Town Patrol
26:43 Scale Barding Armor
35:32 Imperial Age
34:24 Chain Barding Armor
35:59 Crop Rotation
35:21 Stone Mining
35:36 Paladin
38:00 Burgundian Vineyards
38:16 Conscription
39:16 Blast Furnace
38:51 Plate Barding Armor
43:19 Caravan
43:49 Coinage
lumos
7:00 Loom
10:37 Feudal Age
15:25 Castle Age
13:53 Double-Bit Axe
14:05 Horse Collar
16:03 Scale Barding Armor
22:56 Bow Saw
24:00 Bloodlines
25:07 Husbandry
25:48 Forging
27:10 Heavy Plow
29:32 Chain Barding Armor
31:11 Wheelbarrow
30:35 Gold Mining
33:25 Iron Casting
35:36 Imperial Age
33:03 Stone Mining
34:06 Hand Cart
35:59 Stone Shaft Mining
35:28 Town Watch
37:26 Plate Barding Armor
37:53 Blast Furnace
36:39 Treadmill Crane
37:22 Ballistics
38:02 Chemistry
37:10 Elite Monaspa
40:17 Conscription
41:36 Light Cavalry
Todas Mienten
0:47 Loom
11:36 Feudal Age
15:35 Castle Age
13:45 Double-Bit Axe
13:58 Horse Collar
16:01 Gold Mining
16:29 Bow Saw
16:24 Heavy Plow
27:39 Imperial Age
26:11 Wheelbarrow
28:45 Town Watch
29:21 Hand Cart
29:47 Heavy Scorpion
31:39 Rocketry
33:41 Ballistics
34:21 Chemistry
34:28 Fletching
34:35 Murder Holes
34:50 Masonry
36:34 Gold Shaft Mining
35:49 Stone Mining
36:00 Bodkin Arrow
37:55 Bracer
42:33 Town Patrol
OnlyNomad
4:29 Loom
6:03 Loom
10:40 Feudal Age
11:07 Double-Bit Axe
11:03 Horse Collar
18:36 Castle Age
19:30 Bow Saw
20:41 Elite Skirmisher
21:28 Fletching
21:02 Pikeman
21:44 Scale Mail Armor
24:53 Bodkin Arrow
27:56 Wheelbarrow
27:55 Heavy Plow
29:07 Ballistics
29:25 Gold Mining
31:53 Town Watch
32:23 Hand Cart
34:59 Ballistas
37:33 Imperial Age
38:00 Chain Mail Armor
38:10 Stone Mining
38:54 Crop Rotation
38:31 Heavy Scorpion
39:31 Squires
38:52 Halberdier
41:35 Conscription
42:16 Siege Engineers
43:11 Chemistry
darkdavixi
5:03 Loom
9:55 Feudal Age
11:14 Double-Bit Axe
12:01 Gold Mining
16:20 Horse Collar
17:58 Fletching
18:09 Padded Archer Armor
23:31 Castle Age
25:32 Crossbowman
25:43 Elite Skirmisher
27:17 Bodkin Arrow
27:38 Leather Archer Armor
30:42 Bow Saw
30:35 Heavy Plow
32:15 Wheelbarrow
39:08 Imperial Age
38:32 Ballistics
39:30 Arbalester
40:27 Forging
40:26 Bracer
SwaggyPeasant
10:39 Feudal Age
8:56 Loom
17:32 Castle Age
17:15 Double-Bit Axe
19:57 Horse Collar
21:33 Wheelbarrow
22:27 Pikeman
23:11 Squires
31:30 Gold Mining
31:31 Stone Mining
33:45 Fletching
36:47 Hand Cart
36:55 Bow Saw
40:24 Imperial Age
38:13 Bodkin Arrow
38:18 Padded Archer Armor
38:37 Caravan
39:54 Silk Road
41:13 Ballistics
41:13 Leather Archer Armor
Connection lost

Rejoining the realm…

Still unreachable

The connection could not be restored.

Session expired

The server has moved on; the page needs a fresh start.